 Dungeon Crawl Stone Soup version 0.29.1-1-gd02db6906a (webtiles) character file.

Game seed: 17388414091966312302

95 Icepheonix32 the Trooper (level 4, -2/41 HPs)
             Began as a Minotaur Fighter on Sept 19, 2022.
             Slain by a worm (7 damage)
             ... on level 3 of the Dungeon.
             The game lasted 00:01:30 (2028 turns).

Icepheonix32 the Trooper (Minotaur Fighter)         Turns: 2028, Time: 00:01:31

Health: -2/41      AC:  7    Str: 33    XL:     4   Next: 39%
Magic:  3/3        EV: 10    Int:  3    God:
Gold:   65         SH:  5    Dex: 12    Spells: 3/3 levels left

rFire   . . .      SeeInvis .   s - +3 whip of Success {pain, Will+ Str+7 Int-2 Stlth+}
rCold   . . .      Faith    .   c - +0 buckler
rNeg    . . .      Spirit   .   b - +0 scale mail
rPois   .          Reflect  .   (helmet restricted)
rElec   .          Harm     .   (no cloak)
rCorr   .          Rampage  .   (no gloves)
Will    +....                   (no boots)
Stlth   +.........              (no amulet)
HPRegen 0.13/turn               m - +6 ring of strength
MPRegen 0.08/turn               (no ring)

@: no status effects
A: horns 2, retaliatory headbutt
a: no special abilities


You were on level 3 of the Dungeon.
You visited 1 branch of the dungeon, and saw 3 of its levels.

You collected 65 gold pieces.

Inventory:

Hand Weapons
 a - a +0 war axe
 s - the +3 whip of Success (weapon) {pain, Will+ Str+7 Int-2 Stlth+}
   (You found it on level 2 of the Dungeon)

   In the hands of one skilled in necromantic magic, it inflicts extra damage on
   living creatures.
   Str:       It affects your strength (+7).
   Int:       It affects your intelligence (-2).
   Will:      It increases your willpower.
   Stlth:     It makes you more stealthy.
Armour
 b - a +0 scale mail (worn)
 c - a +0 buckler (worn)
 r - a +0 cloak
Jewellery
 m - a +6 ring of strength (left hand)
 v - a ring of ice
Wands
 x - a wand of polymorph (7)
Scrolls
 f - a scroll of fog {unknown}
 i - 2 scrolls of blinking {unknown}
 j - a scroll of poison {unknown}
 k - 4 scrolls of identify {unknown}
 l - 2 scrolls of summoning {unknown}
 p - a scroll of amnesia {unknown}
 t - a scroll of acquirement {unknown}
 u - a scroll of enchant weapon {unknown}
 w - a scroll of teleportation {unknown}
Potions
 d - a potion of might
 e - a potion of berserk rage {unknown}
 g - a potion of curing {unknown}
 h - 3 potions of degeneration {unknown}
 n - a potion of mutation {unknown}
 o - a potion of lignification {unknown}
 q - a potion of flight {unknown}


   Skills:
 * Level 4.6 Fighting
 - Level 2.6(3.0) Axes
 + Level 2.1(2.7) Maces & Flails
 + Level 4.4 Armour
 + Level 0.7 Dodging
 + Level 0.1 Stealth
 + Level 4.0 Shields


You had 3 spell levels left.
You didn't know any spells.
Your spell library contained the following spells:

 Spells                   Type           Power      Damage    Failure   Level
 Summon Small Mammal      Summ           0%         N/A       83%         1
 Call Canine Familiar     Summ           0%         N/A       99%         3
 Summon Guardian Golem    Hex/Summ       0%         N/A       99%         3


Dungeon Overview and Level Annotations

Branches:
Dungeon (3/15)

Altars:


Innate Abilities, Weirdness & Mutations

You have a pair of horns on your head.
You reflexively headbutt those who attack you in melee.


Message History

You kill the gnoll!
The bat hits you but does no damage.
Unknown command.
The bat hits you but does no damage.
The gnoll hits you from afar with a +0 spear.
Items here: ( )) †.
Unknown command.
You are too injured to fight recklessly!
You are too injured to fight recklessly!
You are too injured to fight recklessly!
You barely miss the bat. The bat hits you but does no damage.
The gnoll hits you from afar with a +0 spear.
You hit the bat.
You kill the bat!
The gnoll closely misses you. The gnoll hits you with a +0 spear.
Unknown command.
You closely miss the gnoll. Your headbutt misses the gnoll.
You block the gnoll's attack.
You closely miss the gnoll. The gnoll hits you with a +0 spear.
* * * LOW HITPOINT WARNING * * *
You hit the gnoll but do no damage. The gnoll closely misses you.
You barely miss the gnoll. The gnoll barely misses you.
Unknown command.
You whack the gnoll! Your headbutt misses the gnoll.
The gnoll is severely wounded.
The gnoll barely misses you.
You barely miss the gnoll.
The gnoll is severely wounded.
The gnoll hits you with a +0 spear!
* * * LOW HITPOINT WARNING * * *
You whack the gnoll!
You kill the gnoll!
Your Maces & Flails skill increases to level 2!
Unknown command.
You barely miss the worm. You whack the worm!
The worm is heavily wounded.
The worm bites you!
You die...

......... .......
...... ..... #...
#.. #w# #... #@#
#..# #)# #..# #.#
#..# #.# #..# ###?#
#..#####.#
#...#######........#
#.†..)))......#
#..####).####.#
####..# #.#... ...


You could see a worm.

Vanquished Creatures
  Robin (D:3)
  3 gnolls (D:3)
  A worm (D:3)
  3 ball pythons
  2 endoplasms
  3 giant cockroaches
  13 goblins
  4 hobgoblins
  4 jackals (D:3)
  5 kobolds
  2 quokkas (D:2)
  4 bats
  2 rats
  3 bushes (D:1)
50 creatures vanquished.

Vanquished Creatures (others)
  5 plants (D:1)
5 creatures vanquished.

Grand Total: 55 creatures vanquished

Notes
Turn   | Place    | Note
-------+----------+-------------------------------------------
     0 | D:1      | Icepheonix32 the Minotaur Fighter began the quest for the
                  | Orb.
     0 | D:1      | Reached XP level 1. HP: 19/19 MP: 0/0
   309 | D:1      | Reached XP level 2. HP: 23/27 MP: 1/1
  1386 | D:2      | Identified the +3 whip of Success {pain, Will+ Str+7 Int-2
                  | Stlth+}
  1840 | D:3      | Reached XP level 3. HP: 33/33 MP: 2/2
  1859 | D:3      | Noticed Robin
  1874 | D:3      | Killed Robin
  1878 | D:3      | Reached skill level 1 in Maces & Flails
  2008 | D:3      | Reached XP level 4. HP: 35/41 MP: 3/3
  2028 | D:3      | Slain by a worm

Illustrated notes

Levels and vault maps discovered:
D:1:      minmay_arrival_arboretum_large, layout_loops_ring, serial_forest,
          infiniplex_forest_end_1, infiniplex_forest_lined_1,
          infiniplex_forest_zigzag_1, infiniplex_forest_lined_3,
          infiniplex_forest_corner_2, infiniplex_forest_end_3, minivault_27
D:2:      layout_loops_cross, nicolae_figureground_sparkle
D:3:      layout_loops_ring, palyth_temple_overflow_mages,
          hellmonk_ecumenical_altar_run_dry, uniq_crazy_yiuf_cottage,
          uniq_robin, uniq_grinder

Skill      XL: |  1  2  3  4 |
---------------+-------------+-----
Fighting       | 4 |  4.6
Shields        | 4 |  4.0
Armour         | 4 |  4.4
Maces & Flails | 1 2 |  2.1
Axes           | |  2.6
Dodging        | |  0.7
Stealth        | |  0.1

Action                   |  1- 3 |  4- 6 || total
-------------------------+-------+-------++-------
Melee: War axe           |   164 |       ||   164
       Headbutt          |    53 |     1 ||    54
       Whip              |    55 |    19 ||    74
Armor: Scale mail        |    36 |     4 ||    40
       Skin              |    24 |       ||    24
Dodge: Dodged            |    29 |     6 ||    35
Block: Buckler           |    21 |     3 ||    24
